 Dungeon Crawl Stone Soup version 0.21.1-1-g345015f (webtiles) character file.

139 shakethe the Shield-Bearer (level 5, -1/32 HPs)
             Began as a Gargoyle Fighter on Feb 10, 2018.
             Slain by Sigmund
             ... wielding a +0 scythe
              (3 damage)
             ... on level 2 of the Dungeon.
             The game lasted 00:05:35 (2304 turns).

shakethe the Shield-Bearer (Gargoyle Fighter)       Turns: 2304, Time: 00:05:36

Health: -1/32      AC: 10    Str: 20    XL:     5   Next: 22%
Magic:  5/5        EV:  7    Int:  8    God:
Gold:   128        SH:  9    Dex: 10    Spells: 4/4 levels left

rFire    . . .     SeeInvis .   a - +0 flail
rCold    . . .     Gourm    .   c - +0 shield
rNeg     + . .     Faith    .   b - +0 scale mail
rPois    ∞         Spirit   .   n - +0 hat
rElec    +         Reflect  .   (no cloak)
rCorr    .         Harm     .   (no gloves)
MR       .....                  (no boots)
Stlth    ..........             (no amulet)
HPRegen  0.10/turn              (no ring)
MPRegen  0.09/turn              (no ring)

@: no status effects
A: negative energy resistance 1, electricity resistance, unbreathing,
petrification resistance, rot immunity, AC +4
a: no special abilities


You were on level 2 of the Dungeon.
You were not hungry.

You visited 1 branch of the dungeon, and saw 3 of its levels.

You collected 128 gold pieces.

Inventory:

Hand Weapons
 a - a +0 flail (weapon)
Armour
 b - a +0 scale mail (worn)
 c - a +0 shield (worn)
 n - a +0 hat (worn)
   (You found it on level 2 of the Dungeon)
Scrolls
 e - 6 scrolls of remove curse
 j - a scroll of enchant weapon {unknown}
 k - a scroll of identify
 m - a scroll of blinking {unknown}
Potions
 d - 3 potions of might
 h - 3 potions of flight
 i - 2 potions of heal wounds
Comestibles
 f - 6 rations


   Skills:
 - Level 3.2 Fighting
 + Level 3.9 Maces & Flails
 - Level 3.2 Armour
 + Level 5.0 Shields


You had 4 spell levels left.
You didn't know any spells.

Dungeon Overview and Level Annotations

Branches:
Dungeon (3/15)

Altars:

Annotations:
D:2 Sigmund


Innate Abilities, Weirdness & Mutations

You are resistant to torment.
Your stone body is resilient. (AC +4)
You are immune to poison.
You resist negative energy. (rN+)
You are resistant to electric shocks. (rElec)
You can survive without breathing.
You are immune to petrification.
You are immune to rotting.


Message History

There is a stone staircase leading up here.
You climb upwards.
Level annotation: Sigmund
There is a stone staircase leading down here.
There is a stone staircase leading down here.
There is a stone staircase leading up here.
You open the door.
There is an open door here.
You open the door.
You start putting on your armour.
You continue putting on your hat. x4
You finish putting on your +0 hat.
As you read the scroll labeled WARCHUXZ FYOW, it crumbles to dust.
You feel as if something is helping you.
It was a scroll of remove curse.
Unknown command.
Drop what? 14/52 slots (_ for help) (? for menu, Esc to quit)
You remove your ring of loudness {Stlth-}.
You drop an uncursed ring of loudness {Stlth-}.
As you read the scroll labeled NEQOUPNYDE, it crumbles to dust.
It is a scroll of identify.
h - 3 potions of flight
As you read the scroll of identify, it crumbles to dust.
l - 2 potions of degeneration
As you read the scroll of identify, it crumbles to dust.
i - 2 potions of heal wounds Drop what? 13/52 slots (_ for help) (? for menu, Esc to quit)
You drop 2 potions of degeneration {!q}.
You start resting.
Health restored: 32 You see here an uncursed ring of loudness {Stlth-}.
Sigmund shouts!
Sigmund is too close now for your liking.
Keep equipping yourself?
You start putting on your armour.
You continue putting on your +0 shield. x2
Sigmund casts a spell at you. The puff of flame hits you!
You continue putting on your +0 shield.
Sigmund gestures at you while chanting. You resist with some effort.
You continue putting on your +0 shield.
Sigmund hits you but does no damage.
You finish putting on your +0 shield.
You take 6 damage, and have 26/32 hp.
Sigmund barely misses you.
You sock Sigmund! You block Sigmund's attack.
You hit Sigmund. Sigmund barely misses you.
You sock Sigmund! You barely miss Sigmund.
Sigmund says, "Your kind have come here before.
I understand now why.
You desire death..."
Sigmund casts a spell at you. You resist with some effort.
Sigmund hits you with a scythe!
You take 10 damage, and have 17/32 hp.
MASSIVE DAMAGE!!
You sock Sigmund! You closely miss Sigmund.
Sigmund hits you but does no damage.
You closely miss Sigmund. Sigmund casts a spell at you.
You resist with some effort.
You closely miss Sigmund. Sigmund casts a spell at you.
You are confused.
Sigmund giggles. "Time to reap what you sow."
Sigmund barely misses you.
You bump into the rock wall.
Sigmund closely misses you.
You're too confused to move!
You bump into the rock wall.
You feel less confused. Sigmund barely misses you.
You closely miss Sigmund.
Sigmund points at you and mumbles some strange words.
The puff of flame hits you!
You take 2 damage, and have 16/32 hp.
You hit Sigmund. You block Sigmund's attack.
Your shield and scale mail prevent you from hitting Sigmund.
Sigmund points at you and mumbles some strange words.
You resist with some effort.
You barely miss Sigmund. You block Sigmund's attack.
You hit Sigmund. Sigmund gestures at you while chanting.
You are confused.
You barely miss Sigmund. Sigmund casts a spell at you.
The puff of flame hits you! Sigmund hits you with a scythe!
* * * LOW HITPOINT WARNING * * *
You take 15 damage, and have 2/32 hp.
MASSIVE DAMAGE!!
You bump into the rock wall.
Unknown command.
Sigmund barely misses you.
Unknown command.
You bump into the rock wall.
Sigmund whispers, "You'll know eternity soon."
Sigmund hits you but does no damage.
Unknown command.
Unknown command.
You miss Sigmund. Sigmund hits you but does no damage.
Unknown command.
You closely miss Sigmund.
You feel less confused. Sigmund hits you with a scythe.
You die...

.#..........!#.###### #.##.#
.#.####.##'#.#......###.##@#
.#.#..'.+..#.#...(....#.##.#
#
.#.#..#.#..#=#.####.#.#.##.#
#
.#.#+##.####.#.####'#...##.#
##
.#...........#.#......(###.#
#.
.#.#'##.####.#.#...........#
#.
.#.#..'.'..#.#.#........##.#
##.
.#.#.†#.#..#.#..@@......##.#
#..
.#.####.##'#.#.###.(.....###
##.# .#...........#.#
#.......# #..#
.#.####.##'#.#.# #.....<.#
##.## .#.#..'.+..#.#.#
#.......# #..#
.#.#⌠.#.#..#.#.# #.......#
##.## .#.####.####.#.#
#......[# #..#
.#.............# #########
#.## .############### #.#


You could see Sigmund.

Vanquished Creatures
  A scorpion (D:1)
  3 adders (D:2)
  4 worms (D:2)
  A dart slug (D:1)
  2 leopard geckos
  11 bats
  4 giant cockroaches
  3 goblins
  3 hobgoblins
  A quokka (D:3)
  4 frilled lizards
  11 kobolds
  4 rats
52 creatures vanquished.

Notes
Turn   | Place    | Note
-------+----------+-------------------------------------------
     0 | D:1      | shakethe the Gargoyle Fighter began the quest for the Orb.
     0 | D:1      | Reached XP level 1. HP: 14/14 MP: 1/1
   148 | D:1      | Reached XP level 2. HP: 17/19 MP: 2/2
   320 | D:1      | Reached XP level 3. HP: 17/23 MP: 3/3
   322 | D:1      | Reached skill level 4 in Shields
   766 | D:2      | Reached skill level 3 in Maces & Flails
   870 | D:2      | Noticed a scorpion
  1067 | D:2      | Reached XP level 4. HP: 28/28 MP: 4/4
  1591 | D:2      | Noticed Sigmund
  1785 | D:1      | Reached skill level 5 in Shields
  1785 | D:1      | Reached XP level 5. HP: 13/32 MP: 5/5
  2078 | D:3      | Noticed an ogre
  2298 | D:2      | HP: 2/32 [Sigmund/scythe (9)]
  2304 | D:2      | Slain by Sigmund

Skill      XL: |  1  2  3  4 |
---------------+-------------+-----
Shields        | 4 5 |  5.0
Maces & Flails | 3 |  3.9
Fighting       | |  3.2
Armour         | |  3.2

Action                   |  1- 3 |  4- 6 || total
-------------------------+-------+-------++-------
Melee: Flail             |   145 |    72 ||   217
  Use: Scroll            |       |     4 ||     4
  Eat: Chunk             |     1 |     1 ||     2
       Ration            |       |     1 ||     1
Armor: Scale mail        |    99 |    36 ||   135
Dodge: Dodged            |    92 |    31 ||   123
Block: Shield            |       |     3 ||     3

Vault maps used:
D:1:      elethiomel_arrival_infinity_welcomes_careful_drivers
D:2:      minmay_door_path, patterned_corridor, uniq_sigmund
D:3:      lemuel_upstairs_altar, tgw_kikubaaqudgha

Table legend:
 A = Turns spent in this place as a percentage of turns spent in the entire game.
 B = Non-inter-level travel turns spent in this place as a percentage of non-inter-level travel turns spent in the entire game.
 C = Inter-level travel turns spent in this place as a percentage of turns spent in this place.
 D = Turns resting spent in this place as a percentage of non-inter-level travel turns spent in this place.
 E = Turns spent auto-exploring this place as a percentage of non-inter-level travel turns spent in this place.
 F = Non-inter-level travel turns spent in this place divided by the number of levels of this place that you've seen.
                   A       B       C       D       E      F
               +-------+-------+-------+-------+-------+----------------------
         Total | 100.0 | 100.0 |   0.0 |  10.9 |  49.0 | 768.0
       Dungeon | 100.0 | 100.0 |   0.0 |  10.9 |  49.0 | 768.0
               +-------+-------+-------+-------+-------+----------------------

Table legend:
 A = Kills in this place as a percentage of kills in entire the game.
 B = Kills by you in this place as a percentage of kills by you in the entire game.
 C = Kills by friends in this place as a percentage of kills by friends in the entire game.
 D = Other kills in this place as a percentage of other kills in the entire game.
 E = Experience gained in this place as a percentage of experience gained in the entire game.
 F = Experience gained in this place divided by the number of levels of this place that you have seen.
                   A       B       C       D       E      F
               +-------+-------+-------+-------+-------+----------------------
         Total | 100.0 | 100.0 |   N/A |   N/A | 100.0 |  66.3
       Dungeon | 100.0 | 100.0 |   N/A |   N/A | 100.0 |  66.3
               +-------+-------+-------+-------+-------+----------------------
